 Dungeon Crawl Stone Soup version 0.26-a0-642-g67e9924 (webtiles) character file.

Game seed: 10798712880282252432

375 robertstho the Conjurer (level 6, -4/32 HPs)
             Began as a Deep Elf Conjurer on Sept 21, 2020.
             Slain by an ogre
             ... wielding a +0 giant spiked club
              (29 damage)
             ... on level 4 of the Dungeon.
             The game lasted 00:07:18 (3430 turns).

robertstho the Conjurer (Deep Elf Conjurer)         Turns: 3430, Time: 00:07:18

Health: -4/32      AC:  4    Str:  4    XL:     6   Next: 44%
Magic:  4/25       EV: 13    Int: 25    God:
Gold:   172        SH:  0    Dex: 13    Spells: 6/16 levels left

rFire    . . .     SeeInvis .   f - +0 dagger
rCold    . . .     Faith    .   (no shield)
rNeg     . . .     Spirit   .   a - +0 robe
rPois    .         Reflect  .   (no helmet)
rElec    .         Harm     .   (no cloak)
rCorr    .         Rampage  .   r - +0 pair of gloves (curse)
MR       .....                  g - +0 pair of boots
Stlth    ++........             o - amulet of regeneration
HPRegen  0.50/turn              l - ring of magical power
MPRegen  0.19/turn              (no ring)

@: no status effects
A: no striking features
a: no special abilities


You were on level 4 of the Dungeon.
You visited 1 branch of the dungeon, and saw 4 of its levels.

You collected 172 gold pieces.

Inventory:

Hand Weapons
 f - a +0 dagger (weapon)
Missiles
 s - 11 poisoned darts (quivered)
Armour
 a - a +0 robe (worn)
 g - a +0 pair of boots (worn)
 r - a cursed +0 pair of gloves (worn)
Jewellery
 l - a ring of magical power (left hand)
 o - an amulet of regeneration (around neck)
 t - an uncursed amulet of faith {unknown}
Scrolls
 b - 3 scrolls of amnesia {unknown}
 c - a scroll of fog {unknown}
 e - 2 scrolls of remove curse {unknown}
 j - 4 scrolls of identify {unknown}
 n - 3 scrolls of teleportation {unknown}
 p - a scroll of magic mapping {unknown}
Potions
 d - a potion of heal wounds {unknown}
 h - a potion of lignification {unknown}
 i - 4 potions of might {unknown}
 k - 2 potions of haste {unknown}
 m - a potion of resistance {unknown}
 q - a potion of degeneration {unknown}


   Skills:
 + Level 2.6 Dodging
 + Level 3.3 Stealth
 * Level 5.9 Spellcasting
 * Level 7.0 Conjurations


You had 6 spell levels left.
You knew the following spells:

 Your Spells              Type           Power        Failure   Level
a - Magic Dart            Conj           ####         1%          1
b - Searing Ray           Conj           #####.       1%          2
c - Dazzling Flash        Conj/Hex       ####..       5%          3
d - Fulminant Prism       Conj/Hex       ####......   17%         4

Your spell library contained the following spells:

 Spells                   Type           Power        Failure   Level
 Iskenderun's Mystic Bla  Conj/Tloc      ####....     17%         4


Dungeon Overview and Level Annotations

Branches:
Dungeon (4/15)
 Temple: D:4-7

Altars:
Wu Jian
Zin


Message History

You hit the ooze but do no damage. The ooze barely misses you.
You barely miss the ooze. The ooze barely misses you.
Casting: Fulminant Prism (extremely dangerous; 17% risk of failure)
Confirm with . or Enter, or press ? or * to list all spells.
Aiming: Searing Ray (safe; 1% risk of failure)
Press: ? - help, Shift-Dir - straight line, f - ooze
Aim: an ooze The searing ray hits the ooze!
You kill the ooze! (Press . to maintain the ray.)
The searing ray hits the ogre!
The ogre is heavily wounded.
The searing ray hits the ogre.
The ogre is severely wounded.
The ogre barely misses you.
Your magical contamination has completely faded away.
The searing ray misses the ogre.
You finish channeling your searing ray.
The ogre hits you with a +0 giant spiked club!!
Ouch! That really hurt!
You die...

# #..? ...# #.##..#
#..## ###.....# #...#
........###...#
#######.......#
########.##..####.#
#........O........#
#.########..#####.###.?
#.# #....O@.....#
##.#########[##########
.............. ..#
##.#########.## #.# #.#
#.# #)# #.# ##.# #.#
#.# #...###.#####.##.
#.# #....†o.†........
#.# #...#.#...##....


You could see an ogre.

Vanquished Creatures
  An ogre (D:4)
  2 howler monkeys (D:4)
  Jessica (D:3)
  Terence (D:3)
  An orc wizard (D:3)
  4 adders
  2 oozes (D:4)
  An adder skeleton (D:4)
  3 worms
  A dart slug (D:1)
  5 leopard geckos
  8 orcs
  6 goblins
  7 hobgoblins
  4 quokkas (D:3)
  9 bats
  3 frilled lizards
  6 kobolds
  5 rats
70 creatures vanquished.

Vanquished Creatures (others)
  3 fulminant prisms (D:4)
3 creatures vanquished.

Grand Total: 73 creatures vanquished

Notes
Turn   | Place    | Note
-------+----------+-------------------------------------------
     0 | D:1      | robertstho the Deep Elf Conjurer began the quest for the
                  | Orb.
     0 | D:1      | Reached XP level 1. HP: 10/10 MP: 6/6
   255 | D:1      | Reached XP level 2. HP: 15/15 MP: 2/8
   259 | D:1      | Learned a level 2 spell: Searing Ray
   689 | D:1      | Reached skill level 5 in Conjurations
  1132 | D:2      | Reached XP level 3. HP: 19/19 MP: 4/9
  1137 | D:2      | Learned a level 3 spell: Dazzling Flash
  1244 | D:2      | Found a faded altar of an unknown god.
  1313 | D:2      | Found a glowing silver altar of Zin.
  1376 | D:2      | Found an ornate altar of the Wu Jian Council.
  2196 | D:3      | Reached XP level 4. HP: 24/24 MP: 12/12
  2335 | D:3      | Noticed Terence
  2335 | D:3      | Noticed Jessica
  2349 | D:3      | Killed Terence
  2349 | D:3      | Killed Jessica
  2349 | D:3      | Reached skill level 6 in Conjurations
  2349 | D:3      | Reached XP level 5. HP: 20/28 MP: 8/13
  2511 | D:3      | Learned a level 4 spell: Fulminant Prism
  3277 | D:4      | Reached skill level 5 in Spellcasting
  3280 | D:4      | Reached XP level 6. HP: 30/32 MP: 16/16
  3417 | D:4      | Reached skill level 7 in Conjurations
  3430 | D:4      | Slain by an ogre

Illustrated notes

Levels and vault maps discovered:
D:1:      grunt_arrival_lava_bath, layout_basic, minmay_octomino_j4
D:2:      layout_basic, nicolae_overflow_crystal_walls,
          nicolae_overflow_hidden_temple,
          chequers_ecumenical_altar_simple_redux, minmay_misc_feat_rows,
          grunt_decor_fettered, kennysheep_nub, minmay_between
D:3:      layout_basic, uniq_terence, uniq_jessica
D:4:      layout_loops_ring, lemuel_coloured_pillars_altar

Skill      XL: |  1  2  3  4  5  6 |
---------------+-------------------+-----
Conjurations   | 5 6 7 |  7.0
Spellcasting   | 4 5 |  5.9
Stealth        | 3 |  3.3
Dodging        | |  2.6

Action                   |  1- 3 |  4- 6 || total
-------------------------+-------+-------++-------
Melee: Dagger            |       |     2 ||     2
 Cast: Magic Dart        |    51 |    13 ||    64
       Searing Ray       |    10 |    21 ||    31
       Fulminant Prism   |       |     3 ||     3
Armor: Robe              |     2 |     3 ||     5
Dodge: Dodged            |     1 |    16 ||    17

Table legend: (Time is in decaauts)
 A = Elapsed time spent in this place.
 B = Non-inter-level travel time spent in this place.
 C = Inter-level travel time spent in this place.
 D = Time resting spent in this place.
 E = Time spent auto-exploring this place.
 F = Levels seen in this place.
 G = Mean time per level.
                   A        B        C        D        E       F      G
               +--------+--------+--------+--------+--------+-----+--------+
         Total |   3432 |   3302 |    130 |    168 |   2690 |   4 |  858.0 |
       Dungeon |   3432 |   3302 |    130 |    168 |   2690 |   4 |  858.0 |
               +--------+--------+--------+--------+--------+-----+--------+

Top non-repeatable levels by time:
     D:3: 1126 daAuts
     D:1: 1114 daAuts
     D:2: 1028 daAuts
     D:4: 162 daAuts
